 Dungeon Crawl Stone Soup version 0.22.1-2-g9c5b331 (webtiles) character file.

39 nuthulu the Shield-Bearer (level 3, -11/23 HPs)
             Began as a Gargoyle Fighter on Jan 1, 2019.
             Was an Initiate of Okawaru.
             Blown up by Ijyb (18 damage)
             ... with a wand of disintegration (8)
             ... on level 2 of the Dungeon.
             The game lasted 00:03:17 (1528 turns).

nuthulu the Shield-Bearer (Gargoyle Fighter)        Turns: 1528, Time: 00:03:17

Health: -11/23     AC: 10    Str: 24    XL:     3   Next: 45%
Magic:  3/3        EV:  7    Int:  8    God:    Okawaru [......]
Gold:   82         SH: 12    Dex: 10    Spells: 2/2 levels left

rFire    . . .     SeeInvis .   a - +0 flail
rCold    . . .     Gourm    .   e - +2 shield
rNeg     + . .     Faith    .   b - +0 scale mail
rPois    ∞         Spirit   .   (no helmet)
rElec    +         Reflect  .   g - scarf {cloud immunity}
rCorr    .         Harm     .   (no gloves)
MR       .....                  (no boots)
Stlth    ..........             (no amulet)
HPRegen  0.07/turn              (no ring)
MPRegen  0.08/turn              (no ring)

@: mighty
A: negative energy resistance 1, electricity resistance, unbreathing,
petrification resistance, rot immunity, AC +3
a: Renounce Religion


You were on level 2 of the Dungeon.
You worshipped Okawaru.
Okawaru was noncommittal.
You were not hungry.

You visited 1 branch of the dungeon, and saw 2 of its levels.

You collected 82 gold pieces.

Inventory:

Hand Weapons
 a - a +0 flail (weapon)
Armour
 b - a +0 scale mail (worn)
 e - a +2 shield (worn)
 g - a scarf of cloud immunity (worn)
Jewellery
 k - an uncursed ring of positive energy {unknown}
Potions
 d - a potion of might
 h - a potion of agility
 j - a potion of curing {unknown}
Comestibles
 c - 12 chunks of flesh
 f - 5 rations


   Skills:
 - Level 3.2 Fighting
 + Level 3.0 Maces & Flails
 - Level 3.2 Armour
 + Level 4.1 Shields


You had 2 spell levels left.
You didn't know any spells.
Your spell library was empty.

Dungeon Overview and Level Annotations

Branches:
Dungeon (2/15)

Altars:
Okawaru
Xom

Annotations:
D:2 Ijyb


Innate Abilities, Weirdness & Mutations

You are resistant to torment.
Your stone body is resilient. (AC +3)
You are immune to poison.
You resist negative energy. (rN+)
You are resistant to electric shocks. (rElec)
You can survive without breathing.
You are immune to petrification.
You are immune to rotting.


Message History

Okawaru accepts your kill. Ijyb hits you but does no damage.
Found 14 stones and a ration.
You see here a goblin corpse.
You butcher the goblin corpse.
Ijyb hits you but does no damage.
Things that are here:
3 chunks of flesh; a goblin skeleton Your shield and scale mail prevent you from hitting Ijyb.
Ijyb hits you with a dagger of draining.
Ijyb zaps a wand.
You are blasted!
You closely miss Ijyb. You block the frilled lizard's attack.
Ijyb hits you but does no damage. You block the frilled lizard's attack.
You see here a stone.
Ijyb zaps a wand.
You are blasted!
Some of the chunks of flesh in your inventory have rotted away.
You feel very mighty all of a sudden.
Ijyb screams, "Level is mine!
All mine!"
You closely miss Ijyb.
Ijyb zaps a wand.
You are blasted!
Ouch! That really hurt!
You die...

# #..,,,,,*#.#....?...,,...,,,,*
# #.#*****#..##......###.#,,,,,**
###.######.......#.......###*,,,,
..#.##........>.##..........,,***
#............###............,**
###.###...#.......g.l.......**
*#..###.#......##l#8%....8#,*
....#.....##.####g#.g.....#,***
##.##...........@.#8.....8#,,,*
##.......#######..#.......#**,**
...###...# ### #.##8.....8# *,,**
.......#.#######.##.......# **,,,
.......#.'.._..'..#8.....8#***,,,
.........###.###..#..(.%..#,,,,,,
.........# #.# #.##************,,
#######..###+###.# *,,
#.......)..# **,


You could see Ijyb, a goblin and a frilled lizard.

Vanquished Creatures
  An adder (D:2)
  2 dart slugs
  4 bats
  8 goblins
  A hobgoblin (D:1)
  A ball python (D:2)
  2 frilled lizards
  6 kobolds
25 creatures vanquished.

Notes
Turn   | Place    | Note
-------+----------+-------------------------------------------
     0 | D:1      | nuthulu the Gargoyle Fighter began the quest for the Orb.
     0 | D:1      | Reached XP level 1. HP: 14/14 MP: 1/1
   555 | D:1      | Reached XP level 2. HP: 19/19 MP: 2/2
  1302 | D:2      | Reached XP level 3. HP: 22/23 MP: 3/3
  1334 | D:2      | Reached skill level 4 in Shields
  1374 | D:2      | Found an iron altar of Okawaru.
  1392 | D:2      | Became a worshipper of Warmaster Okawaru
  1440 | D:2      | Found a shimmering altar of Xom.
  1455 | D:2      | Noticed Ijyb
  1528 | D:2      | Blown up by Ijyb

Skill      XL: |  1  2  3 |
---------------+----------+-----
Shields        | 4 |  4.1
Maces & Flails | 3 |  3.0
Fighting       | |  3.2
Armour         | |  3.2

Action                   || total
-------------------------++-------
Melee: Flail             ||   109
  Use: Scroll            ||     5
       Potion            ||     1
  Eat: Chunk             ||     2
Armor: Scale mail        ||    67
Dodge: Dodged            ||    38
Block: Shield            ||    78
